AoeStats
← ska_18

Arena

508442328Analyzed
3v3 RM · 9d ago on Sep 22, 2026· 55m 16s· 6 players
Game mode
Random Map
Map size
Normal (6 player)
Population
200
Speed
Normal
Resources
Standard
Victory
Conquest
Starting age
Dark Age
Ending age
Imperial Age
RankedLock teamsTeams togetherTeam positionsShared explorationLock speedFull tech treeHidden civsTurbo modeCheats
Victory
Defeat
🇩🇪 Mongols · Germany
947
+14
🇩🇪 Khmer · Germany
899
+16
🇦🇹 Saracens · Austria
897
+16
🇹🇼 Tatars · Taiwan
943
-17
🇪🇸 Mapuche · Spain
930
-16
🇧🇩 Mongols · Bangladesh
845
-13
ska_18
10:30 Feudal Age
13:13 Loom
16:09 Castle Age
14:33 Double-Bit Axe
14:38 Horse Collar
18:56 Wheelbarrow
20:02 Bow Saw
22:51 Gold Mining
22:52 Stone Mining
24:19 Forging
24:38 Fervor
24:49 Sanctity
25:25 Hand Cart
24:56 Town Watch
25:32 Town Watch
26:23 Gold Shaft Mining
27:48 Heavy Plow
29:03 Iron Casting
28:34 Scale Barding Armor
28:20 Fletching
32:12 Imperial Age
30:16 Town Patrol
30:01 Treadmill Crane
32:02 Chain Barding Armor
32:24 Murder Holes
32:39 Fortified Wall
33:30 Bimaristan
33:46 Elite Mameluke
34:46 Conscription
35:02 Hoardings
37:12 Chemistry
36:23 Masonry
37:22 Plate Barding Armor
37:48 Blast Furnace
36:44 Bodkin Arrow
39:26 Two-Man Saw
41:28 Coinage
40:31 Capped Ram
42:22 Herbal Medicine
45:45 Caravan
46:16 Banking
49:53 Banking
51:51 Bloodlines
51:42 Husbandry
51:02 Light Cavalry
51:55 Bracer
52:05 Siege Engineers
52:24 Ballistics
53:07 Hussar
53:10 Heavy Camel Rider
Katze Aus Kasachstan
10:35 Feudal Age
10:58 Horse Collar
11:33 Double-Bit Axe
16:39 Castle Age
17:34 Bow Saw
17:34 Heavy Plow
19:25 Wheelbarrow
19:16 Gold Mining
19:19 Stone Mining
21:13 Hand Cart
21:40 Stone Shaft Mining
23:21 Gold Shaft Mining
29:34 Imperial Age
26:52 Town Watch
29:08 Pikeman
30:14 Forging
30:04 Scale Mail Armor
30:10 Scale Barding Armor
30:05 Padded Archer Armor
29:56 Fletching
29:40 Elite Ballista Elephant
30:27 Double Crossbow
30:50 Conscription
30:54 Elite Battle Elephant
33:22 Chain Barding Armor
33:38 Iron Casting
33:19 Chain Mail Armor
33:19 Leather Archer Armor
34:10 Double Crossbow
34:22 Husbandry
34:34 Bloodlines
37:25 Blast Furnace
37:01 Plate Barding Armor
36:22 Bodkin Arrow
37:54 Hoardings
37:28 Tusk Swords
39:26 Ring Archer Armor
41:48 Bracer
46:41 Murder Holes
46:57 Masonry
47:47 Chemistry
48:18 Loom
48:33 Town Patrol
53:52 Architecture
53:43 Ballistics
53:30 Siege Engineers
55:03 Coinage
Witch_King_13
5:30 Loom
10:06 Feudal Age
11:24 Wheelbarrow
10:41 Double-Bit Axe
12:34 Horse Collar
19:27 Castle Age
17:57 Gold Mining
21:02 Bloodlines
20:53 Husbandry
24:10 Pikeman
31:20 Fletching
45:22 Bow Saw
50:08 Gold Shaft Mining
49:28 Stone Mining
50:16 Caravan
51:54 Town Watch
52:29 Hand Cart
55:30 Imperial Age
55:29 Ballistics
55:05 Murder Holes
Ri_RaX
10:59 Feudal Age
14:50 Castle Age
12:47 Double-Bit Axe
12:54 Horse Collar
16:36 Bow Saw
19:31 Loom
23:30 Gold Mining
23:33 Stone Mining
33:02 Imperial Age
30:28 Town Watch
30:49 Heavy Plow
32:04 Wheelbarrow
32:08 Murder Holes
32:35 Ballistics
33:01 Hand Cart
33:15 Forging
32:56 Fletching
33:07 Padded Archer Armor
33:52 Town Patrol
35:37 Iron Casting
35:09 Scale Barding Armor
34:59 Bodkin Arrow
36:14 Stone Shaft Mining
36:17 Gold Shaft Mining
35:59 Leather Archer Armor
38:15 Chemistry
37:40 Chain Barding Armor
38:21 Blast Furnace
38:14 Elite Mangudai
39:36 Husbandry
38:57 Light Cavalry
39:48 Bloodlines
39:48 Bracer
41:17 Hussar
45:46 Conscription
45:47 Drill
45:29 Nomads
47:48 Scale Mail Armor
47:56 Siege Engineers
隆隆
2:57 Loom
10:50 Feudal Age
12:34 Double-Bit Axe
16:21 Wheelbarrow
16:13 Horse Collar
19:38 Castle Age
18:42 Fletching
18:42 Loom
20:48 Bow Saw
20:39 Gold Mining
22:04 Heavy Plow
25:49 Forging
25:40 Scale Mail Armor
26:45 Hand Cart
27:59 Scale Barding Armor
29:16 Silk Armor
29:45 Chain Barding Armor
30:02 Iron Casting
30:26 Gold Shaft Mining
30:50 Masonry
31:21 Treadmill Crane
34:33 Imperial Age
32:16 Caravan
35:16 Pikeman
35:56 Squires
35:33 Elite Keshik
38:43 Timurid Siegecraft
38:41 Scale Mail Armor
39:17 Plate Barding Armor
41:21 Chemistry
41:32 Blast Furnace
42:03 Bodkin Arrow
44:06 Conscription
47:22 Elite Skirmisher
47:24 Heavy Cavalry Archer
47:27 Crossbowman
Lucuman
7:23 Loom
10:52 Feudal Age
15:03 Castle Age
14:00 Double-Bit Axe
13:55 Horse Collar
14:59 Horse Collar
25:29 Forging
30:07 Wheelbarrow
29:19 Town Watch
30:28 Gold Mining
30:57 Bow Saw
30:48 Heavy Plow
32:13 Caravan
36:55 Imperial Age
36:12 Gold Shaft Mining
35:27 Stone Mining
36:16 Pikeman
38:21 Conscription
38:35 Halberdier
39:45 Crop Rotation
40:17 Scale Mail Armor
40:54 Iron Casting
40:14 Fletching
40:38 Elite Skirmisher
43:25 Elite Bolas Rider
43:39 Champi Runner
44:06 Arson
44:25 Bodkin Arrow
Connection lost

Rejoining the realm…

Still unreachable

The connection could not be restored.

Session expired

The server has moved on; the page needs a fresh start.